 Dungeon Crawl Stone Soup version 0.14-a0-1626-g054e7ae (webtiles) character file.

326 M4edhros the Ducker (level 5, 0/34 HPs)
             Began as an Octopode Gladiator on Dec 25, 2013.
             Slain by M4edhros' ghost (8 damage)
             ... on Level 3 of the Dungeon.
             The game lasted 00:01:54 (1846 turns).

M4edhros the Ducker (Octopode Gladiator)            Turns: 1846, Time: 00:01:54

HP   0/34        AC  1     Str 14      XL: 5   Next: 95%
MP   5/5         EV 15     Int 11      God:
Gold 108         SH  0     Dex 13      Spells:  0 memorised,  4 levels left

rFire  . . .     SeeInvis .     a - +0 quarterstaff
rCold  . . .     Clarity  .     (no shield)
rNeg   . . .     Conserve .     e - +0 wizard hat
rPois  .         rCorr    .     (no amulet)
rElec  .         rRot     .     (no ring)
SustAb . .       Spirit   .     (no ring)
rMut   .         Warding  .     (no ring)
Saprov . . .     Stasis   .     (no ring)
                                (no ring)
                                (no ring)
                                (no ring)
                                (no ring)

@: slightly resistant to hostile enchantments, fairly stealthy
A: almost no armour, amphibious, 8 rings, constrict 8, camouflage 1, gelatinous
body 1
a: no special abilities


You were on level 3 of the Dungeon.
You were hungry.

You visited 1 branch of the dungeon, and saw 3 of its levels.

You collected 108 gold pieces.

Inventory:

Hand weapons
 a - a +0,+0 quarterstaff (weapon)
Missiles
 d - 3 throwing nets (quivered)
Armour
 c - a +0 cap
 e - a +0 wizard hat (worn)
Comestibles
 f - 4 bread rations
 g - a meat ration
 i - a chunk of orc flesh
 r - an apple
 z - a pear
Scrolls
 b - 2 scrolls of fear {unknown}
 h - a scroll of enchant armour {unknown}
 j - 2 scrolls of identify {unknown}
 m - 2 scrolls of remove curse {unknown}
 n - 2 scrolls of teleportation {unknown}
 p - a scroll of magic mapping {unknown}
 q - a scroll of recharging {unknown}
 s - a scroll of curse weapon {unknown}
 x - a scroll of random uselessness {unknown}
Jewellery
 k - a cursed ring of teleportation {unknown}
 l - an uncursed ring of see invisible {unknown}
 t - a cursed ring of teleportation {unknown}
 u - an uncursed amulet of resist corrosion {unknown}
Potions
 o - 2 potions of heal wounds
 v - a potion of magic {unknown}


   Skills:
 - Level 2.0 Fighting
 + Level 4.0 Staves
 - Level 2.0 Throwing
 * Level 5.7 Dodging


You had 4 spell levels left.
You didn't know any spells.

Dungeon Overview and Level Annotations

Branches:
Dungeon (3/16)

Altars:

Annotations:
D:3 M4edhros' ghost, average OpGl


Innate Abilities, Weirdness & Mutations

You cannot wear most types of armour.
You are amphibious.
You can wear up to eight rings at the same time.
You can use your tentacles to constrict many enemies at once.
Your skin changes colour to match your surroundings (Stlth).
Your rubbery body absorbs attacks (AC +1).


Message History

You closely miss M4edhros' ghost. You squeeze M4edhros' ghost.
M4edhros' ghost is lightly damaged.
M4edhros' ghost misses you.
You hit M4edhros' ghost. Your squeeze misses M4edhros' ghost.
M4edhros' ghost is moderately damaged.
M4edhros' ghost hits you! M4edhros' ghost misses you.
You hit M4edhros' ghost.
M4edhros' ghost is heavily damaged.
M4edhros' ghost shrieks, "Death is your only future!"
M4edhros' ghost misses you.
You closely miss M4edhros' ghost. You squeeze M4edhros' ghost!
M4edhros' ghost is almost destroyed.
You are feeling hungry.
M4edhros' ghost hits you!
* * * LOW HITPOINT WARNING * * *
You are too injured to fight recklessly!
You closely miss M4edhros' ghost.
M4edhros' ghost is almost destroyed.
M4edhros' ghost hits you!
You die...

. #.### ##....# ######
#...... #....########
#...... #.....#......
##......#####......(.....
.>.....p@................
........#'###.......##...
......#....[..#########.
......................#.
.#....................#.
.....................#.
###!................#.
#.....##..........#.
....#..........#.


You could see M4edhros' ghost.

Vanquished Creatures
  An orc priest (D:3)
  A hound (D:3)
  A scorpion (D:3)
  4 adders
  A worm (D:2)
  3 giant geckos
  13 orcs (D:3)
  A ball python (D:2)
  A bat skeleton (D:3)
  3 giant cockroaches
  6 goblins
  10 hobgoblins
  2 jackals (D:1)
  7 kobolds
  An ooze (D:2)
  3 quokkas
  7 bats
  A giant newt (D:2)
  2 rats
68 creatures vanquished.

Notes
Turn   | Place    | Note
--------------------------------------------------------------
     0 | D:1      | M4edhros, the Octopode Gladiator, began the quest for the Orb.
     0 | D:1      | Reached XP level 1. HP: 14/14 MP: 1/1
   110 | D:1      | Reached XP level 2. HP: 19/19 MP: 2/2
   658 | D:2      | Reached skill level 4 in Dodging
   658 | D:2      | Reached XP level 3. HP: 16/24 MP: 3/3
   905 | D:2      | Reached XP level 4. HP: 27/29 MP: 4/4
  1230 | D:3      | Reached skill level 5 in Dodging
  1249 | D:3      | Reached XP level 5. HP: 25/34 MP: 5/5
  1834 | D:3      | Noticed M4edhros' ghost (average OpGl)
  1846 | D:3      | Slain by M4edhros' ghost

Action                   |  1- 3 |  4- 6 || total
-------------------------+-------+-------++-------
Melee: Quarterstaff      |    62 |    81 ||   143
  Use: Potion            |       |     4 ||     4
 Stab: Distracted        |     1 |       ||     1
